 Dungeon Crawl Stone Soup version 0.31-a0-196-g86fe4a5e66 (webtiles) character file.

Game seed: 17388570499901070040

71 qw the Shooter (level 4, -14/25 HPs)
             Began as a Deep Elf Hunter on June 24, 2023.
             Killed by divine providence
             ... invoked by an orc priest
              (17 damage)
             ... on level 3 of the Dungeon.
             The game lasted 00:00:47 (1656 turns).

qw the Shooter (Deep Elf Hunter)                    Turns: 1656, Time: 00:00:48

Health: -14/25     AC:  5    Str: 10    XL:     4   Next: 5%
Magic:  6/6        EV: 11    Int: 14    God:
Gold:   133        SH:  0    Dex: 18    Spells: 3/3 levels left

rFire   + . .        Y - +0 shortbow
rCold   . . .        (shield currently unavailable)
rNeg    . . .        j - +0 ring mail
rPois   .            (no helmet)
rElec   .            (no cloak)
rCorr   .            (no gloves)
SInv    .            (no boots)
Will    .....        b - amulet of the acrobat
Stlth   +            a - ring of protection from fire
HPRegen 0.24/turn    (no ring)
MPRegen 0.10/turn

%: acrobat
@: no status effects
A: no striking features
a: no special abilities


You were on level 3 of the Dungeon.
You visited 1 branch of the dungeon, and saw 3 of its levels.

You collected 133 gold pieces.


   Skills:
 - Level 1.5 Fighting
 + Level 7.5 Ranged Weapons
 - Level 2.4 Dodging
 - Level 1.2 Stealth


You had 3 spell levels left.
You didn't know any spells.
Your spell library was empty.

Inventory:

Hand Weapons
 Y - a +0 shortbow (weapon)
Armour
 j - a +0 ring mail (worn)
Jewellery
 a - a ring of protection from fire (left hand)
 b - an amulet of the acrobat (around neck)
Scrolls
 d - a scroll of identify {unknown}
Potions
 c - a potion of might
 e - a potion of brilliance {unknown}
 g - a potion of heal wounds {unknown}
 h - a potion of mutation {unknown}

Dungeon Overview and Level Annotations

Branches:
Dungeon (3/15)

Altars:
Uskayaw

Shops:
D:2 =

Annotations:
D:3 2 transporters


Message History

You shoot an arrow. The arrow hits the orc priest.
The orc priest is moderately wounded.
The orc priest barely misses you. The orc priest hits you with a +0 club.
The orc priest misses you.
The orc priest hits you with a +0 dagger of holy wrath.
You shoot an arrow.
The arrow hits the orc priest but does no damage.
The orc priest is moderately wounded.
The orc priest miscasts a cantrip.
The orc priest closely misses you.
You shoot an arrow.
The arrow completely misses the orc priest.
The orc priest hits you with a +0 club.
The orc priest mumbles some strange prayers to Beogh against you.
Beogh smites you!
You shoot an arrow.
The arrow closely misses the orc priest.
The orc priest closely misses you.
The orc priest miscasts a cantrip.
You shoot an arrow. The arrow hits the orc priest.
The orc priest is heavily wounded.
The orc priest misses you.
The orc priest hits you with a +0 dagger of holy wrath.
You shoot an arrow.
The arrow closely misses the orc priest.
The orc priest hits you but does no damage.
The orc priest looks encouraged for a moment.
You shoot an arrow. The arrow hits the orc priest.
The orc priest is severely wounded.
The orc priest barely misses you.
The orc priest hits you but does no damage. x2
The orc priest misses you.
You shoot an arrow.
The arrow hits the orc priest but does no damage.
The orc priest is severely wounded.
The orc priest hits you with a +0 dagger of holy wrath.
The orc priest calls down the wrath of Beogh upon you.
Beogh smites you!
Ouch! That really hurt!
You die...

...# ...# ###.o.
#.... #######...
.........
.........#
.......oo#
........@#########
.......).........>
.........#######.
.##...##.#
#...#..# #.....##
#%...## #..>.#
#..(##


You could see 2 orc priests.

Vanquished Creatures
  An adder (D:3)
  2 dart slugs
  2 orcs (D:3)
  7 bats
  4 endoplasms
  3 giant cockroaches
  5 goblins (D:2)
  4 hobgoblins (D:1)
  4 jackals (D:1)
  3 quokkas (D:1)
  6 ball pythons
  4 frilled lizards
  3 kobolds
  4 rats
52 creatures vanquished.

Notes
Turn   | Place    | Note
-------+----------+-------------------------------------------
     0 | D:1      | qw the Deep Elf Hunter began the quest for the Orb.
     0 | D:1      | Reached XP level 1. HP: 12/12 MP: 3/3
     0 | D:1      | 0 ||| qw: Version: 0.3-a-9-g12657ce
     0 | D:1      | 0 ||| qw: Game counter: 4809
     0 | D:1      | 0 ||| qw: Always use a shield: true
     0 | D:1      | 0 ||| qw: God list: Okawaru
     0 | D:1      | 0 ||| qw: Allow faded altars: false
     0 | D:1      | 0 ||| qw: Do Orc after D:15 true
     0 | D:1      | 0 ||| qw: Do second Lair branch before Depths: true
     0 | D:1      | 0 ||| qw: Lair rune preference: random
     0 | D:1      | 0 ||| qw: Plans: Normal
     0 | D:1      | 0 ||| PLANNING D:1-11
    62 | D:1      | Reached XP level 2. HP: 12/16 MP: 4/4
    98 | D:1      | Reached skill level 6 in Ranged Weapons
   378 | D:1      | Reached XP level 3. HP: 20/20 MP: 5/5
   493 | D:1      | 493 ||| UPGRADING to +0 ring mail.
   503 | D:1      | 503 ||| DROPPING +0 leather armour.
   504 | D:1      | 504 ||| READING 2 scrolls labelled FOWAEW ZOIH.
   505 | D:1      | 505 ||| READING scroll labelled DUTEID ECSIORCH.
   506 | D:1      | 506 ||| READING scroll labelled XAISCHI IHILAIPP.
   507 | D:1      | 507 ||| DROPPING scroll of blinking.
   508 | D:1      | 508 ||| DROPPING scroll of butterflies.
  1112 | D:2      | Found Caschyosch's Jewellery Shop.
  1122 | D:2      | 1122 ||| SHOPLISTING +4 ring of protection (468 gold, have
                  | 73).
  1122 | D:2      | 1122 ||| SHOPLISTING +4 ring of slaying (1014 gold, have
                  | 73).
  1122 | D:2      | 1122 ||| SHOPLISTING +5 ring of evasion (468 gold, have
                  | 73).
  1122 | D:2      | 1122 ||| SHOPLISTING +6 ring of dexterity (468 gold, have
                  | 73).
  1122 | D:2      | 1122 ||| SHOPLISTING ring of willpower (325 gold, have 73).
  1199 | D:2      | Reached skill level 7 in Ranged Weapons
  1287 | D:2      | Found a hide-covered altar of Uskayaw.
  1324 | D:2      | 1324 ||| UPGRADING to amulet of the acrobat.
  1329 | D:2      | 1329 ||| UPGRADING to ring of protection from fire.
  1330 | D:2      | 1330 ||| READING scroll labelled GECKEDGHAE TUYDD.
  1331 | D:2      | 1331 ||| DRINKING 2 coppery potions.
  1333 | D:2      | 1333 ||| Stepping ~*~*~tactically~*~*~ (cloud).
  1333 | D:2      | HP: 5/20 [poisoned by you (poison gas)]
  1334 | D:2      | 1334 ||| DRINKING potion of curing.
  1334 | D:2      | 1334 ||| (to cure poison)
  1421 | D:3      | 1421 ||| STAIRDANCE
  1437 | D:3      | 1437 ||| STAIRDANCE
  1439 | D:3      | 1439 ||| STAIRDANCE
  1506 | D:3      | Found a transporter.
  1512 | D:3      | Found a transporter.
  1641 | D:3      | 1641 ||| Stepping ~*~*~tactically~*~*~ (outnumbered).
  1646 | D:3      | Reached XP level 4. HP: 22/25 MP: 6/6
  1651 | D:3      | HP: 4/25 [orc priest/divine providence (11)]
  1656 | D:3      | HP: 3/25 [orc priest/+0 dagger of holy wrath (2)]
  1656 | D:3      | Killed from afar by an orc priest

Levels and vault maps discovered:
D:1:      tarquinn_simple_flora_water_f, layout_rooms, kennysheep_small_spiral
D:2:      layout_loops_corners, basic_altar, serial_shops, shop
D:3:      layout_basic, gammafunk_ghost_gnarly_gnolls, serial_glass,
          glass_columns_b, glass_columns_a

Skill      XL: |  1  2  3 |
---------------+----------+-----
Ranged Weapons | 6 7 |  7.5
Fighting       | |  1.5
Dodging        | |  2.4
Stealth        | |  1.2

Action                     |  1- 3 |  4- 6 || total
---------------------------+-------+-------++-------
   Fire: Shortbow          |   127 |    11 ||   138
    Use: Scroll            |     4 |       ||     4
         Potion            |     2 |       ||     2
 Armour: Leather armour    |     6 |       ||     6
         Ring mail         |    20 |     3 ||    23
  Dodge: Dodged            |    47 |     8 ||    55

Table legend:
 A = Non-vault XP
 B = Vault XP
 C = Vault XP percentage of total XP
 D = Non-vault monster count
 E = Vault monster count
 F = Vault count percentage of total count
                 A         B        C        D         E       F
            +---------+---------+-------+---------+---------+-------
      Total |     102 |       0 |   0.0 |      52 |       0 |   0.0
            +---------+---------+-------+---------+---------+-------
        D:1 |      49 |       0 |   0.0 |      28 |       0 |   0.0
        D:2 |      22 |       0 |   0.0 |      13 |       0 |   0.0
        D:3 |      31 |       0 |   0.0 |      11 |       0 |   0.0
            +---------+---------+-------+---------+---------+-------
